 Dungeon Crawl Stone Soup version 0.23.1 (webtiles) character file.

Game seed: 1289765311628024068

509 LostNumber the Ruffian (level 7, -1/56 HPs)
             Began as a Ghoul Wizard on Mar 3, 2019.
             Slain by a centaur (5 damage)
             ... on level 5 of the Dungeon.
             The game lasted 00:11:57 (6936 turns).

LostNumber the Ruffian (Ghoul Wizard)               Turns: 6936, Time: 00:11:58

Health: -1/56      AC:  4    Str: 13    XL:     7   Next: 19%
Magic:  6/11       EV: 12    Int: 13    God:
Gold:   258        SH:  0    Dex:  7    Spells: 4/12 levels left

rFire    + . .     SeeInvis .     - Unarmed
rCold    + . .     Gourm    .   (no shield)
rNeg     + + +     Faith    .   a - +0 robe
rPois    ∞         Spirit   .   b - +0 hat
rElec    .         Reflect  .   p - +1 cloak
rCorr    .         Harm     .   (no gloves)
MR       .....                  (no boots)
Stlth    ++........             (no amulet)
HPRegen  0.00/turn              i - ring of protection from fire
MPRegen  0.12/turn              (no ring)

@: rotting
A: rotting body, claws 1, carnivore, cold resistance 1, negative energy
resistance 3, inhibited regeneration, torment resistance, unbreathing
a: no special abilities


You were on level 5 of the Dungeon.
You were not hungry.

You visited 1 branch of the dungeon, and saw 5 of its levels.

You collected 258 gold pieces.

Inventory:

Armour
 a - a +0 robe (worn)
 b - a +0 hat (worn)
 c - a +0 buckler
   (You found it on level 5 of the Dungeon)
 p - a +1 cloak (worn)
   (You found it on level 3 of the Dungeon)
 r - a scarf of cloud immunity
   (You found it on level 4 of the Dungeon)
Jewellery
 i - a ring of protection from fire (left claw)
   (You found it on level 2 of the Dungeon)
 k - an uncursed ring of fire {unknown}
   (You found it on level 4 of the Dungeon)
 s - a +3 ring of protection {unknown}
   (You found it on level 4 of the Dungeon)
Wands
 w - a wand of polymorph (6)
   (You found it on level 4 of the Dungeon)
Scrolls
 d - 3 scrolls of teleportation {@r4}
 g - a scroll of magic mapping
 o - 4 scrolls of fog
Potions
 f - a potion of magic {unknown}
 h - a potion of curing {@q1}
 j - a potion of resistance {unknown}
 m - a potion of agility {unknown}
 u - a potion of might {unknown}
Comestibles
 e - 9 rations {!d}


   Skills:
 + Level 2.4 Fighting
 - Level 1.7 Dodging
 - Level 2.1 Stealth
 + Level 0.2 Shields
 * Level 3.9 Unarmed Combat
 + Level 3.4 Spellcasting
 - Level 2.0 Conjurations
 * Level 2.6 Summonings
 - Level 2.0 Translocations
 * Level 1.3 Air Magic
 + Level 1.1 Poison Magic


You had 4 spell levels left.
You knew the following spells:

 Your Spells              Type           Power        Failure   Level  Hunger
a - Magic Dart            Conj           #...         10%         1    #......
b - Blink                 Tloc           N/A          14%         2    ##.....
f - Mephitic Cloud        Conj/Pois/Air  #.......     34%         3    ###....
x - Call Imp              Summ           #.......     12%         2    ##.....

Your spell library contained the following spells:

 Spells                   Type           Power        Failure   Level  Hunger
 Corpse Rot               Necr           N/A          32%         2    ##.....
 Slow                     Hex            #.......     32%         2    ##.....
 Conjure Flame            Conj/Fire      #.......     41%         3    ###....
 Agony                    Necr           #.......     99%         5    ######.
 Bolt of Draining         Conj/Necr      #.........   99%         5    ######.
 Dispel Undead            Necr           #.......     99%         5    ######.
 Excruciating Wounds      Chrm/Necr      #.........   99%         5    ######.
 Sublimation of Blood     Necr           Unusable     N/A         2    N/A

Dungeon Overview and Level Annotations

Branches:
Dungeon (5/15)
 Temple: D:4-7

Altars:
Gozag
The Shining One

Annotations:
D:4 4 runed translucent doors


Innate Abilities, Weirdness & Mutations

Your body is rotting away.
You thrive on raw meat.
You are immune to poison.
You have sharp fingernails.
You are carnivorous and can eat meat at any time.
Your flesh is cold resistant. (rC+)
You are immune to negative energy. (rN+++)
You do not regenerate when monsters are visible.
You are immune to unholy pain and torment.
You can survive without breathing.


Message History

Unknown command.
The centaur shoots an arrow.
The arrow hits your crimson imp.
Your crimson imp blinks!
The centaur shoots an arrow.
The arrow hits you.
* * * LOW HITPOINT WARNING * * *
You see here an arrow.
Your crimson imp closely misses the centaur.
The centaur unwields a +0 shortbow.
The centaur hits you.
* * * LOW HITPOINT WARNING * * *
Your crimson imp hits the centaur but does no damage.
You see here an arrow.
Eat a chunk of flesh? (ye/n/q)
You eat the chunk of flesh.
This raw flesh tastes great!
The centaur closely misses you.
Your crimson imp hits the centaur but does no damage.
Your crimson imp hits the centaur.
Unknown command.
Unknown command.
You barely miss the centaur. The centaur hits you.
* * * LOW HITPOINT WARNING * * *
Your crimson imp hits the centaur.
Your crimson imp hits the centaur but does no damage.
The centaur barely misses you.
You scratch the centaur. The centaur hits you.
* * * LOW HITPOINT WARNING * * *
Your crimson imp hits the centaur but does no damage.
Your crimson imp hits the centaur.
Unknown command.
Aim: a centaur, wearing a +0 robe (heavily wounded)
The magic dart hits the centaur but does no damage.
The centaur completely misses you.
Your crimson imp hits the centaur.
Your crimson imp barely misses the centaur.
The centaur closely misses you.
Aim: a centaur, wearing a +0 robe (severely wounded)
The magic dart hits the centaur but does no damage.
The centaur hits you.
* * * LOW HITPOINT WARNING * * *
Your crimson imp hits the centaur.
Your crimson imp barely misses the centaur.
Your crimson imp hits the centaur but does no damage.
Unknown command.
You barely miss the centaur.
The centaur drinks a potion.
The centaur is healed!
Your crimson imp barely misses the centaur.
Your crimson imp hits the centaur but does no damage.
The centaur hits you.
* * * LOW HITPOINT WARNING * * *
Your crimson imp hits the centaur.
You scratch the centaur. The centaur hits you.
You die...

........#.###....#.## #
........#.###.#....#####
.....(.(................
..........#.##..#..###..
........((..#........(..
###...(......##.......#
#...................#
#...(..#.####......##
+..5@5...# ##...#...
#..5c#...# #...#.#.
#.#.#....# ###..... #...
.....# #....... ..##
.....##...#.#### ...
........#... #.. .....##
#... ... ...... ....
#c..


You could see a centaur and 3 friendly crimson imps.

Vanquished Creatures
  A scorpion (D:5)
  A hound (D:4)
  2 orc priests
  An iguana (D:5)
  Natasha (D:3)
  A worker ant (D:5)
  A worker ant zombie (D:5)
  4 adders
  An ooze (D:4)
  6 worms
  3 dart slugs
  4 leopard geckos
  7 orcs
  A giant cockroach (D:2)
  A goblin (D:1)
  8 hobgoblins
  7 jackals
  A quokka (D:4)
  7 bats
  5 frilled lizards
  A jackal skeleton (D:4)
  11 kobolds
  3 rats
78 creatures vanquished.

Vanquished Creatures (collateral kills)
  An ogre (D:4)
  An orc wizard (D:3)
  A bullfrog skeleton (D:4)
  An iguana (D:3)
  2 worker ants (D:4)
  4 adders
  An ooze (D:1)
  A leopard gecko (D:4)
  3 orcs
  A giant cockroach (D:1)
  2 goblins (D:1)
  2 hobgoblins (D:1)
  3 jackals (D:4)
  A ball python (D:2)
  A bat (D:2)
  A frilled lizard (D:1)
  A kobold (D:1)
  A rat (D:2)
28 creatures vanquished.

Grand Total: 106 creatures vanquished

Notes
Turn   | Place    | Note
-------+----------+-------------------------------------------
     0 | D:1      | LostNumber the Ghoul Wizard began the quest for the Orb.
     0 | D:1      | Reached XP level 1. HP: 14/14 MP: 3/3
   544 | D:1      | Reached skill level 1 in Unarmed Combat
   544 | D:1      | Reached skill level 1 in Conjurations
   544 | D:1      | Reached XP level 2. HP: 8/21 MP: 4/4
   745 | D:1      | Learned a level 2 spell: Call Imp
   748 | D:1      | Learned a level 2 spell: Blink
   894 | D:1      | Reached skill level 1 in Fighting
   941 | D:1      | Reached XP level 3. HP: 19/28 MP: 0/6
  1889 | D:2      | Reached skill level 1 in Translocations
  1957 | D:2      | Reached skill level 1 in Summonings
  2229 | D:2      | Reached XP level 4. HP: 23/35 MP: 2/7
  3741 | D:3      | Found a glowing golden altar of the Shining One.
  3769 | D:3      | Found an opulent altar of Gozag.
  3863 | D:3      | Found a faded altar of an unknown god.
  3919 | D:3      | Reached XP level 5. HP: 35/40 MP: 5/8
  3963 | D:3      | Learned a level 3 spell: Mephitic Cloud
  4779 | D:4      | Found a large runed translucent door.
  4780 | D:4      | Found a large runed translucent door.
  4788 | D:4      | Found a large runed translucent door.
  4788 | D:4      | Found a large runed translucent door.
  5112 | D:4      | Noticed Natasha
  5409 | D:3      | Reached XP level 6. HP: 41/48 MP: 2/9
  5412 | D:3      | Killed Natasha
  5499 | D:4      | Noticed a phantom
  6318 | D:4      | Reached skill level 1 in Air Magic
  6420 | D:4      | Got an ichor-stained dagger
  6421 | D:4      | Identified the cursed +2 dagger "Pytac" {drain, rElec Str+3
                  | Int+4} (You found it on level 4 of the Dungeon)
  6508 | D:5      | Entered Level 5 of the Dungeon
  6561 | D:5      | Reached skill level 1 in Poison Magic
  6708 | D:5      | Reached XP level 7. HP: 49/56 MP: 11/11
  6936 | D:5      | Slain by a centaur

Skill      XL: |  1  2  3  4  5  6 |
---------------+-------------------+-----
Unarmed Combat | 1 2 3 |  3.9
Conjurations   | 1 2 |  2.0
Fighting       | 1 2 |  2.4
Spellcasting   | 3 |  3.4
Translocations | 1 2 |  2.0
Summonings     | 1 2 |  2.6
Air Magic      | 1 |  1.3
Poison Magic   | 1 |  1.1
Dodging        | |  1.7
Stealth        | |  2.1
Shields        | |  0.2

Action                   |  1- 3 |  4- 6 |  7- 9 || total
-------------------------+-------+-------+-------++-------
Melee: Unarmed           |   118 |   230 |    18 ||   366
       Punch             |     2 |       |       ||     2
 Cast: Magic Dart        |    23 |     5 |     2 ||    30
       Call Imp          |    15 |    42 |     4 ||    61
  Use: Scroll            |       |     8 |       ||     8
 Stab: Sleeping          |     1 |     3 |       ||     4
       Distracted        |       |     1 |       ||     1
  Eat: Chunk             |    15 |    19 |     1 ||    35
       Ration            |     1 |     1 |       ||     2
Armor: Robe              |    19 |    52 |     2 ||    73
Dodge: Dodged            |    91 |   163 |    11 ||   265
